 Dungeon Crawl Stone Soup version 0.30-a0-1074-g5db6f66fbb (webtiles) character file.

Game seed: 17096712758177092133

274 Newt the Shooter (level 6, -1/40 HPs)
             Began as a Kobold Hunter on Apr 13, 2023.
             Killed from afar by an orc wizard (5 damage)
             ... with a puff of flame
             ... on level 3 of the Dungeon.
             The game lasted 00:03:02 (3326 turns).

Newt the Shooter (Kobold Hunter)                    Turns: 3326, Time: 00:03:03

Health: -1/40      AC:  7    Str:  8    XL:     6   Next: 49%
Magic:  6/6        EV: 14    Int: 11    God:
Gold:   136        SH:  0    Dex: 20    Spells: 5/5 levels left

rFire   + . .      SeeInvis .    a - +0 shortbow
rCold   . . .      Faith    .    (shield currently unavailable)
rNeg    . . .      Spirit   .    c - +0 leather armour
rPois   .          Reflect  .    s - +0 helmet
rElec   .          Rampage  .    d - +1 cloak
rCorr   .                        r - +0 pair of gloves
Will    .....                    (no boots)
Stlth   +++                      (no amulet)
HPRegen 0.26/turn                (no ring)
MPRegen 0.10/turn                (no ring)

@: mighty
A: small, no large weapons, nightstalker 3, fire resistance 1
a: no special abilities


You were on level 3 of the Dungeon.
You visited 1 branch of the dungeon, and saw 3 of its levels.
You also visited: Sewer.

You collected 136 gold pieces.

Inventory:

Hand Weapons
 a - a +0 shortbow (weapon)
Missiles
 g - 2 throwing nets
Armour
 c - a +0 leather armour (worn)
 d - a +1 cloak (worn)
 r - a +0 pair of gloves (worn)
 s - a +0 helmet (worn)
Scrolls
 b - a scroll of immolation
 e - 2 scrolls of blinking
 m - a scroll of fog
 n - a scroll of enchant armour
 o - a scroll of amnesia {unknown}
 p - a scroll of teleportation {unknown}
Potions
 f - 3 potions of degeneration
 h - a potion of berserk rage
 i - a potion of might
 j - a potion of mutation
 k - a potion of lignification {unknown}
 l - a potion of ambrosia {unknown}
 q - 5 potions of flight


   Skills:
 - Level 5.0 Fighting
 + Level 7.9 Ranged Weapons
 - Level 2.4 Dodging
 - Level 1.3 Stealth


You had 5 spell levels left.
You didn't know any spells.
Your spell library contained the following spells:

 Spells                   Type           Power      Damage    Failure   Level
 Frozen Ramparts          Ice            0%         1d1       83%         3
 Ice Form                 Ice/Tmut       0%         N/A       99%         4
 Summon Ice Beast         Ice/Summ       0%         N/A       99%         4


Dungeon Overview and Level Annotations

Branches:
Dungeon (3/15)              Sewer (visited)

Altars:
Gozag


Innate Abilities, Weirdness & Mutations

You are small and have problems with some larger weapons.
You are completely attuned to the shadows.
Your flesh is heat resistant. (rF+)


Message History

Unknown command.
You shoot an arrow. The arrow hits the orc wizard!
You kill the orc wizard!
The giant cockroach barely misses you.
Unknown command.
You shoot an arrow. The giant cockroach closely misses you.
Something barely misses you. The orc hits you with a +0 flail.
Unknown command.
You shoot an arrow.
The giant cockroach bites you but does no damage.
Something hits you but does no damage. The orc hits you with a +0 flail!
* * * LOW HITPOINT WARNING * * *
The giant cockroach bites you but does no damage.
You shoot an arrow. Something hits you but does no damage.
The orc closely misses you. The giant cockroach barely misses you.
The orc hits you with a +0 flail.
* * * LOW HITPOINT WARNING * * *
Something hits you.
* * * LOW HITPOINT WARNING * * *
Unknown command.
You shoot an arrow.
The giant cockroach completely misses you.
Something hits you.
* * * LOW HITPOINT WARNING * * *
The orc completely misses you.
The giant cockroach bites you but does no damage.
Unknown command.
It was a potion of mutation.
You feel extremely strange.
You feel resistant to heat.
The giant cockroach bites you but does no damage.
You hear some strange, mumbled words.
Something tries to affect you, but you resist.
The orc misses you.
It was a potion of might.
You feel very mighty all of a sudden.
The giant cockroach bites you but does no damage.
You hear some strange, mumbled words.
A puff of flame appears from out of thin air!
The puff of flame hits you. You resist.
You die...

...... ..
..... ..###.#
#.##....
#.###.#
#..#..#
#...... #....#
##...##
##....# .....#
#..##.# .
.....##
#.###.# ..
####..######.#
#{#...
..........#..#
#@or..
............##
##B...
..........###
o?..
###########
.... #.†.


You could see 2 orcs, a quokka and a giant cockroach.

Vanquished Creatures
  An orc wizard (D:3)
  11 adders
  5 river rats
  4 worms
  2 dart slugs
  5 endoplasms
  4 giant cockroaches
  4 goblins
  2 hobgoblins
  11 jackals
  7 quokkas
  10 ball pythons
  14 bats
  8 frilled lizards
  5 kobolds
  5 rats
98 creatures vanquished.

Notes
Turn   | Place    | Note
-------+----------+-------------------------------------------
     0 | D:1      | Newt the Kobold Hunter began the quest for the Orb.
     0 | D:1      | Reached XP level 1. HP: 12/12 MP: 1/1
   334 | D:1      | Reached XP level 2. HP: 18/18 MP: 2/2
  1161 | D:2      | Reached XP level 3. HP: 23/23 MP: 3/3
  1462 | D:2      | Reached XP level 4. HP: 30/30 MP: 4/4
  1918 | D:2      | Reached skill level 5 in Fighting
  2043 | D:3      | Found an opulent altar of Gozag.
  2164 | D:3      | Found a glowing drain.
  2178 | D:3      | Reached XP level 5. HP: 23/35 MP: 5/5
  2191 | Sewer    | Entered a sewer
  2232 | Sewer    | Reached skill level 6 in Ranged Weapons
  2554 | Sewer    | Reached skill level 7 in Ranged Weapons
  2554 | Sewer    | Reached XP level 6. HP: 39/40 MP: 6/6
  3325 | D:3      | Gained mutation: Your flesh is heat resistant. (rF+)
                  | [potion of mutation]
  3326 | D:3      | Killed from afar by an orc wizard

Illustrated notes

Levels and vault maps discovered:
D:1:      minmay_arrival_pointy, layout_basic, chequers_jeans
D:2:      layout_basic, kennysheep_generic_room_9
D:3:      layout_rooms, grunt_gozag_statues, nicolae_overflow_crystal_walls,
          portal_sewer_entry_c

Skill      XL: |  1  2  3  4  5 |
---------------+----------------+-----
Fighting       | 3 4 5 |  5.0
Ranged Weapons | 7 |  7.9
Dodging        | |  2.4
Stealth        | |  1.3

Action                     |  1- 3 |  4- 6 || total
---------------------------+-------+-------++-------
   Fire: Shortbow          |    57 |   210 ||   267
    Use: Scroll            |     4 |     2 ||     6
         Potion            |       |     2 ||     2
 Armour: Leather armour    |     1 |    52 ||    53
  Dodge: Dodged            |    11 |   146 ||   157

Table legend: (Time is in decaauts)
 A = Elapsed time spent in this place.
 B = Non-inter-level travel time spent in this place.
 C = Inter-level travel time spent in this place.
 D = Time resting spent in this place.
 E = Time spent auto-exploring this place.
 F = Levels seen in this place.
 G = Mean time per level.
                   A        B        C        D        E       F      G
               +--------+--------+--------+--------+--------+-----+--------+
         Total |   3588 |   3528 |     60 |    158 |   2691 |   4 |  897.0 |
       Dungeon |   2460 |   2400 |     60 |     29 |   1975 |   3 |  820.0 |
         Sewer |   1127 |   1127 |      0 |    129 |    716 |   1 | 1127.0 |
               +--------+--------+--------+--------+--------+-----+--------+

Top non-repeatable levels by time:
   Sewer: 1127 daAuts
     D:1: 1042 daAuts
     D:2: 974 daAuts
     D:3: 443 daAuts
